 Dungeon Crawl Stone Soup version 0.20.0-15-g7f486f2 (webtiles) character file.

87 miragecloak the Cudgeler (level 4, 0/35 HPs)
             Began as a Formicid Abyssal Knight on June 26, 2017.
             Was a Follower of Lugonu.
             Slain by Overlord's ghost (4 damage)
             ... on level 3 of the Dungeon.
             The game lasted 00:04:03 (2762 turns).

miragecloak the Cudgeler (Formicid Abyssal Knight)  Turns: 2762, Time: 00:04:04

Health: 0/35       AC:  6    Str: 16    XL:     4   Next: 80%
Magic:  5/5        EV: 20    Int: 12    God:    Lugonu [*.....]
Gold:   153        SH:  0    Dex: 11    Spells: 3/3 levels left

rFire    . . .     SeeInvis +   u - +0 flail
rCold    . . .     Gourm    .   (no shield)
rNeg     . . .     Faith    .   f - +1 ring mail
rPois    .         Spirit   .   (helmet unavailable)
rElec    .         Reflect  .   (no cloak)
rCorr    .         Harm     .   (no gloves)
MR       .....                  (no boots)
Stlth    +.........             (no amulet)
Regen    0.2/turn               s - +4 ring of evasion
MPRegen  0.1/turn               k - +6 ring of evasion

@: no status effects
A: permanent stasis, dig shafts and tunnels, four strong arms, antennae 3
a: Dig, Shaft Self, Depart the Abyss, Renounce Religion


You were on level 3 of the Dungeon.
You worshipped Lugonu.
Lugonu was aware of your devotion.
You were very hungry.

You visited 1 branch of the dungeon, and saw 4 of its levels.
You visited the Abyss 1 time.

You collected 153 gold pieces.

Inventory:

Hand Weapons
 a - a +1 mace
 u - a +0 flail (weapon)
Armour
 b - a +0 leather armour
 f - a +1 ring mail (worn)
Jewellery
 k - a +6 ring of evasion (right hand)
 p - an uncursed ring of protection from fire
 s - a +4 ring of evasion (left hand)
 w - a cursed ring of loudness {unknown}
Scrolls
 d - 6 scrolls of identify
 n - a scroll of fear
 q - a scroll of enchant weapon {unknown}
 v - a scroll of amnesia {unknown}
Potions
 e - a potion of degeneration {unknown}
 g - a potion of haste {unknown}
 h - a potion of might {unknown}
 i - a potion of flight {unknown}
 j - 3 potions of agility {unknown}
 m - a potion of curing {unknown}
 o - a potion of lignification {unknown}
 r - a potion of heal wounds {unknown}
Comestibles
 c - a bread ration
 l - a royal jelly


   Skills:
 - Level 3.2 Fighting
 + Level 4.1 Maces & Flails
 - Level 3.0 Armour
 - Level 0.8 Dodging
 - Level 2.1 Invocations


You had 3 spell levels left.
You didn't know any spells.

Dungeon Overview and Level Annotations

Branches:
Dungeon (4/15)
 Temple: D:4-7

Altars:
Ashenzari
Nemelex Xobeh
Yredelemnul
The Shining One

Annotations:
D:3 Overlord's ghost, amateur DrTm
D:4 Hook's ghost, amateur DrSk


Innate Abilities, Weirdness & Mutations

You cannot be hasted, slowed, berserked, paralysed or teleported.
You can dig through walls and to a lower floor.
Your four strong arms can wield two-handed weapons with a shield.
You have a pair of large antennae on your head. (SInv)


Message History

You hit Overlord's ghost.
Overlord's ghost is almost destroyed.
Overlord's ghost barely misses you. Overlord's ghost hits you!
You barely miss Overlord's ghost.
Overlord's ghost is almost destroyed.
Overlord's ghost hits you!
* * * LOW HITPOINT WARNING * * *
You hit Overlord's ghost but do no damage.
Overlord's ghost is almost destroyed.
Overlord's ghost barely misses you.
You barely miss Overlord's ghost.
Overlord's ghost is almost destroyed.
Overlord's ghost completely misses you.
You closely miss Overlord's ghost.
Overlord's ghost is almost destroyed.
Overlord's ghost misses you.
You closely miss Overlord's ghost.
Overlord's ghost is almost destroyed.
Overlord's ghost completely misses you. Overlord's ghost hits you.
You die...

...... #........# #.# #.
#..#.. .........W.# #.#
#. #### ...[....##.##
#.# ## # ........# ..#
##'## ### # #.......#
#.# #...# #.. .
#.......###.###...# #.#
...........##...# #..
.......W.#.##...######.+
.......@.#..#..........#
......)..##.##'######..#
####.....##..#.# #...
##+######.#.# #... #...#
#### ##..# #..# #..#
..>#


You could see Overlord's ghost.

Vanquished Creatures
  A crimson imp (D:4)
  An ooze (D:2)
  A dart slug (D:1)
  4 leopard geckos
  An orc (D:4)
  3 giant cockroaches
  5 goblins
  3 hobgoblins
  5 kobolds
  A quokka (D:2)
  2 ball pythons
  9 bats
  2 frilled lizards
  2 rats (D:2)
40 creatures vanquished.

Vanquished Creatures (others)
  A worm (D:2)
1 creature vanquished.

Grand Total: 41 creatures vanquished

Notes
Turn   | Place    | Note
-------+----------+-------------------------------------------
     0 | Abyss:1  | miragecloak the Formicid Abyssal Knight began the quest for the Orb.
     0 | Abyss:1  | Reached XP level 1. HP: 18/18 MP: 2/2
    66 | Abyss:1  | Noticed a raiju
    66 | D:1      | Escaped the Abyss
   222 | D:1      | Reached * piety under Lugonu
   222 | D:1      | Reached XP level 2. HP: 18/24 MP: 3/3
   320 | D:1      | Reached skill level 3 in Maces & Flails
   636 | D:1      | Reached XP level 3. HP: 29/29 MP: 4/4
  1257 | D:2      | Found a basalt altar of Yredelemnul.
  1315 | D:2      | Found a glowing golden altar of the Shining One.
  1543 | D:2      | Noticed an angel
  1695 | D:3      | Found a shattered altar of Ashenzari.
  1903 | D:3      | Reached XP level 4. HP: 35/35 MP: 5/5
  1940 | D:3      | Found a sparkling altar of Nemelex Xobeh.
  2001 | D:3      | Noticed Overlord's ghost (amateur DrTm)
  2226 | D:4      | Reached skill level 4 in Maces & Flails
  2292 | D:4      | Noticed Hook's ghost (amateur DrSk)
  2762 | D:3      | Slain by Overlord's ghost

Skill      XL: |  1  2  3  4 |
---------------+-------------+-----
Maces & Flails | 3 4 |  4.1
Armour         | 3 |  3.0
Fighting       | |  3.2
Dodging        | |  0.8
Invocations    | |  2.1

Action                   |  1- 3 |  4- 6 || total
-------------------------+-------+-------++-------
Melee: Mace              |   145 |    19 ||   164
       Flail             |       |    27 ||    27
Invok: Depart the Abyss  |     1 |       ||     1
  Use: Scroll            |       |     5 ||     5
  Eat: Chunk             |     3 |     2 ||     5
Armor: Leather armour    |     6 |       ||     6
       Ring mail         |    61 |     5 ||    66
Dodge: Dodged            |   121 |    39 ||   160
